 Dungeon Crawl Stone Soup version 0.32-a0-422-g28b100f618 (webtiles) character file.

Game seed: 7862700255083319709

4879 Xavori the Ducker (level 10, -2/73 HPs)
             Began as a Djinni Chaos Knight on Feb 21, 2024.
             Was a Plaything of Xom.
             Slain by a wight
             ... wielding a +4 short sword
             ... summoned by Xom
              (6 damage)
             ... on level 8 of the Dungeon.
             The game lasted 00:12:41 (10631 turns).

Xavori the Ducker (Djinni Chaos Knight)            Turns: 10631, Time: 00:12:43

Health: -2/73      AC:  9    Str: 14    XL:     10   Next: 79%
Gold:   104        EV: 15    Int: 16    God:    Xom [*.....] SH:  0 Dex: 18

rFire   + + .        m - +5 long sword
rCold   x . .        (no shield)
rNeg    + . .        b - +2 leather armour
rPois   ∞            i - +2 hat
rElec   .            (no cloak)
rCorr   .            (no gloves)
SInv    .            (boots unavailable)
Will    ++...        n - amulet of regeneration
Stlth   ++           A - ring of positive energy
HPRegen 1.12/turn    (no ring)
MPRegen 0.00/turn

%: infuse magic (-3 HP)
@: flying
A: sickness immunity, fire resistance 2, cold vulnerability 1, float, innate
caster, HP casting, extra vitality 1, horns 1, iridescent scales 1, thin
skeletal structure 1, clever 1, strong-willed 1, sense surroundings 1, strong 1
a: Renounce Religion


You were on level 8 of the Dungeon.
You worshipped Xom.
You were a special plaything of Xom.
You visited 1 branch of the dungeon, and saw 9 of its levels.

You collected 539 gold pieces.
You spent 435 gold pieces at shops.

Inventory:

Hand Weapons
 m - a +5 long sword (weapon)
Missiles
 B - 3 throwing nets (quivered)
Armour
 b - a +2 leather armour (worn)
 i - a +2 hat (worn)
Jewellery
 k - an amulet of the acrobat
 n - an amulet of regeneration (around neck)
 A - a ring of positive energy (left hand)
Wands
 l - a wand of flame (8)
 u - a wand of paralysis (9)
 y - a wand of roots (4)
Scrolls
 a - a scroll of vulnerability
 c - a scroll of butterflies
 f - 3 scrolls of fear
 h - 2 scrolls of fog
 j - 2 scrolls of enchant armour
 r - a scroll of enchant weapon
 s - a scroll of immolation
 v - 2 scrolls of revelation
 w - 3 scrolls of teleportation
 C - 2 scrolls of amnesia {unknown}
Potions
 d - 4 potions of haste {unknown}
 e - 6 potions of lignification {unknown}
 g - 2 potions of might {unknown}
 o - 2 potions of degeneration {unknown}
 p - a potion of heal wounds
 q - 2 potions of curing
 t - a potion of cancellation {unknown}
 x - a potion of invisibility {unknown}
 z - a potion of attraction
 D - a potion of ambrosia {unknown}
 E - a potion of brilliance {unknown}


   Skills:
 + Level 6.5 Fighting
 + Level 5.9 Long Blades
 + Level 5.7 Armour
 + Level 6.7 Dodging
 * Level 6.3 Spellcasting
 * Level 6.3 Conjurations
 * Level 6.3 Hexes
 * Level 6.3 Summonings
 * Level 6.3 Necromancy
 * Level 6.3 Translocations
 * Level 6.3 Fire Magic
 * Level 6.3 Ice Magic
 * Level 6.3 Air Magic
 * Level 6.3 Earth Magic
 * Level 6.3 Alchemy
 * Level 5.0 Evocations


You knew the following spells:

 Your Spells              Type           Power      Damage    Failure   Level
a - Kiss of Death         Conj/Necr      100%       2d13      1%          1
b - Lesser Beckoning      Tloc           50%        N/A       1%          2
c - Jinxbite              Hex            50%        N/A       1%          2
d - Sticky Flame          Fire/Alch      25%        2d6       12%         4
Your spell library was empty.

Dungeon Overview and Level Annotations

Branches:
Dungeon (9/15)             Temple (0/1) D:5
   Lair: D:8-11         Orc: D:9-12

Altars:
Elyvilon
Hepliaklqana
Uskayaw
Wu Jian
Xom
Yredelemnul

Shops:
D:5 ??!   D:6 =


Innate Abilities, Weirdness & Mutations

You are immune to sickness and miasma.
You are immune to poison.
Your flesh is very heat resistant. (rF++)
You are vulnerable to cold. (rC-)
You float through the air rather than walking.
You learn spells naturally, not from books.
Your magical power is your life essence.
You have superior vitality. (+4 MHP)
You have a pair of small horns on your head.
You are partially covered in iridescent scales. (AC +2)
You have a somewhat thin skeletal structure. (Dex +2, Stealth+)
Your mind is acute. (Int +4, Str/Dex -1)
You are strong-willed. (Will+)
You passively map a small area around you.
Your muscles are strong. (Str +4, Int/Dex -1)


Message History

The wolf barely misses you. The hound bites you but does no damage.
The wight hits you with a +0 battleaxe! The wight barely misses you.
The wight closely misses you. The kobold closely misses you.
The kobold brigand hits you with a +0 dagger.
The kobold completely misses you. The wolf bites you. The hound misses you.
You hit the wight.
You destroy the wight!
The wight disappears in a puff of smoke!
The wolf barely misses you. The wight barely misses you. x2
The kobold hits you but does no damage. The kobold brigand barely misses you.
The kobold hits you but does no damage. The hound closely misses you.
The wolf completely misses you. The kobold barely misses you.
The kobold brigand hits you but does no damage.
The wight hits you with a +0 battleaxe!
* * * LOW HITPOINT WARNING * * *
The kobold hits you with a +0 short sword.
* * * LOW HITPOINT WARNING * * *
The wight hits you with a +2 short sword.
* * * LOW HITPOINT WARNING * * *
The wight hits you with a +4 short sword.
* * * LOW HITPOINT WARNING * * *
The hound barely misses you.
Unknown command.
You slash the wolf!
The wolf is severely wounded.
The wolf bites you but does no damage. The hound bites you but does no damage.
The wolf barely misses you. The wight misses you.
The wight hits you with a +4 short sword.
* * * LOW HITPOINT WARNING * * *
The kobold closely misses you. The kobold misses you. The wight misses you.
The kobold brigand hits you but does no damage.
Unknown command.
Unknown command.
As you read the scroll of fear, it crumbles to dust.
You assume a fearsome visage.
The kobold brigand looks frightened!
The kobold looks frightened! x5; The wight is unaffected. x4
The hound looks frightened!
The wight is unaffected.
The wolf looks frightened!
The wight hits you with a +4 short sword.
You die... "I guess I need a new plaything now."

#. ,..##........##...≈
#.≈..####......####..≈
###.≈. #..'......'..##.≈
#...≈.##..'......'..##.≈
#...≈..####.)....####..≈
#...h...##(.(.....##(.(≈
#......h....#''#.......≈
......).z..##..##......≈
....≈zK@zK.##..##.....≈≈
....≈≈KKzK..####.....≈≈)
.##..≈≈≈.....##...≈≈≈≈..
...#..z≈≈........≈≈.....
##,#...K≈≈≈≈≈≈≈≈≈≈≈.....
......................
#####..................
#################..


You could see a kobold brigand (summoned, fleeing), a wolf (fleeing), a hound
(fleeing), 5 wights and 5 kobolds.

Vanquished Creatures
  The ghost of MadMike78 the Chopper, a novice CoFi (D:5)
  Grinder (D:5)
  Sigmund (D:6)
  A black bear (D:8)
  An orc warrior (D:7)
  2 ice beasts
  2 ogres
  A wolf (D:8)
  2 phantoms
  The ghost of dogverified the Shooter, an amateur KoHs (D:3)
  4 bullfrogs
  3 scorpions
  2 gnoll sergeants (D:8)
  10 wights
  6 killer bees (D:7)
  2 electric eels (D:8)
  2 bombardier beetles
  9 hounds
  2 gnoll boudas
  6 orc priests
  2 sleepcaps
  10 iguanas
  Natasha (thrice) (D:4)
  6 orc wizards
  25 gnolls
  5 adders
  A shadow imp (D:7)
  3 white imps
  3 dart slugs
  A ribbon worm (D:3)
  14 orcs
  10 ball pythons
  7 endoplasms
  4 giant cockroaches
  6 goblins
  9 hobgoblins
  7 jackals
  7 kobolds
  5 quokkas
  4 bats
  3 frilled lizards
  2 rats (D:1)
196 creatures vanquished.

Vanquished Creatures (collateral kills)
  A black bear (D:5)
  A phantom (D:5)
  Ijyb (D:5)
  A ribbon worm (D:5)
4 creatures vanquished.

Vanquished Creatures (others)
  An orc wizard (D:7)
  A kobold zombie (D:4)
2 creatures vanquished.

Grand Total: 202 creatures vanquished

Notes
Turn   | Place    | Note
-------+----------+-------------------------------------------
     0 | D:1      | Xavori the Djinni Chaos Knight began the quest for the Orb.
     0 | D:1      | Reached XP level 1. HP: 20/20 MP: 0/0
    97 | D:1      | XOM: silly message
   112 | D:1      | Reached XP level 2. HP: 18/25 MP: 0/0
   129 | D:1      | XOM: scenery: summon butterflies
   225 | D:1      | Reached XP level 3. HP: 30/30 MP: 0/0
   225 | D:1      | Learned a level 1 spell: Kiss of Death
   227 | D:1      | Reached skill level 1 in Spellcasting
   227 | D:1      | Reached skill level 1 in Conjurations
   227 | D:1      | Reached skill level 1 in Hexes
   227 | D:1      | Reached skill level 1 in Summonings
   227 | D:1      | Reached skill level 1 in Necromancy
   227 | D:1      | Reached skill level 1 in Translocations
   227 | D:1      | Reached skill level 1 in Fire Magic
   227 | D:1      | Reached skill level 1 in Ice Magic
   227 | D:1      | Reached skill level 1 in Air Magic
   227 | D:1      | Reached skill level 1 in Earth Magic
   227 | D:1      | Reached skill level 1 in Alchemy
   587 | D:1      | XOM: smoke on damage
   753 | D:1      | Reached XP level 4. HP: 35/35 MP: 0/0
   777 | D:1      | XOM: give mutation
   777 | D:1      | Gained mutation: You are partially covered in iridescent
                  | scales. (AC +2) [Xom's grace]
   971 | D:2      | XOM: cloud trail
  1005 | D:2      | a ribbon worm changed into a bullfrog
  1005 | D:2      | Noticed a bullfrog
  1012 | D:2      | Killed a bullfrog
  1013 | D:2      | Reached XP level 5. HP: 31/40 MP: 0/0
  1013 | D:2      | Learned a level 2 spell: Lesser Beckoning
  1269 | D:1      | XOM: god gift: 51 gold pieces
  1722 | D:1      | XOM: scenery: create altars
  2020 | D:1      | XOM: give mutations
  2020 | D:1      | Gained mutation: Your mind is acute. (Int +4, Str/Dex -1)
                  | [Xom's grace]
  2020 | D:1      | Gained mutation: You passively map a small area around you.
                  | [Xom's grace]
  2020 | D:1      | Gained mutation: You have hidden genetic potential. [Xom's
                  | grace]
  2020 | D:1      | Gained mutation: Your muscles are strong. (Str +4, Int/Dex
                  | -1) [Xom's grace]
  2052 | D:1      | XOM: 3-stop teleportation journey
  2584 | D:1      | XOM: god gift: +2 hat
  3186 | D:2      | XOM is BORED!
  3186 | D:2      | XOM: give mutations
  3186 | D:2      | Gained mutation: You passively dampen the noise of your
                  | surroundings. [Xom's mischief]
  3186 | D:2      | Gained mutation: You possess an exceptional clarity of
                  | mind. [Xom's mischief]
  3808 | D:3      | Found a white marble altar of Elyvilon.
  3867 | D:3      | XOM: 2-stop teleportation journey
  3949 | D:3      | Found a shimmering altar of Xom.
  3995 | D:3      | Found a runed translucent door.
  4003 | D:3      | Noticed dogverified's ghost (amateur KoHs)
  4017 | D:3      | XOM: give mutation
  4017 | D:3      | Gained mutation: You have a somewhat thin skeletal
                  | structure. (Dex +2, Stealth+) [Xom's grace]
  4299 | D:3      | XOM: divination: detect items
  4354 | D:3      | XOM: divination: detect creatures
  4356 | D:3      | XOM: noise
  4498 | D:3      | Killed dogverified's ghost
  4499 | D:3      | Reached XP level 6. HP: 43/47 MP: 0/0
  4514 | D:3      | Gained mutation: You have a pair of small horns on your
                  | head. [hidden potential]
  4621 | D:4      | Noticed an ogre
  4629 | D:4      | Killed an ogre
  4663 | D:4      | Noticed Natasha
  4668 | D:4      | XOM: blink monster(s)
  4674 | D:4      | Killed Natasha
  4675 | D:4      | Reached XP level 7. HP: 39/52 MP: 0/0
  4675 | D:4      | Learned a level 2 spell: Jinxbite
  4677 | D:4      | Noticed Natasha
  4684 | D:4      | Killed Natasha
  4837 | D:4      | Noticed Natasha
  4847 | D:4      | Killed Natasha
  4862 | D:4      | Gained mutation: You are strong-willed. (Will+) [hidden
                  | potential]
  4862 | D:4      | Lost mutation: You have hidden genetic potential. [hidden
                  | potential expressed]
  4872 | D:4      | XOM: 2-stop teleportation journey
  4933 | D:4      | XOM: enchant monster (bad)
  5298 | D:5      | Entered Level 5 of the Dungeon
  5345 | D:5      | Found Tew Dal's Distillery.
  5353 | D:5      | Bought a potion of curing for 39 gold pieces
  5353 | D:5      | Bought a potion of heal wounds for 65 gold pieces
  5353 | D:5      | Bought a potion of attraction for 39 gold pieces
  5404 | D:5      | Noticed MadMike78's ghost (novice CoFi)
  5405 | D:5      | Found a runed translucent gate.
  5405 | D:5      | Found a runed translucent gate.
  5406 | D:5      | Found a runed translucent gate.
  5422 | D:5      | Found Nibob's Magic Scroll Shoppe.
  5444 | D:5      | Reached XP level 8. HP: 36/58 MP: 0/0
  5450 | D:5      | XOM: silly message
  5524 | D:5      | Bought a scroll of fear for 56 gold pieces
  5739 | D:5      | Found a hazy altar of Hepliaklqana.
  5801 | D:5      | You are sucked into a shaft and drop 2 floors!
  5818 | D:7      | XOM: chaos cloud
  5832 | D:7      | XOM: silly message
  6090 | D:7      | Found a hide-covered altar of Uskayaw.
  6205 | D:6      | XOM: stat loss: -1 Int (15/16)
  6240 | D:6      | Reached skill level 5 in Fighting
  6246 | D:6      | XOM: silly message
  6489 | D:6      | Reached skill level 5 in Dodging
  6489 | D:6      | Reached XP level 9. HP: 63/65 MP: 0/0
  6489 | D:6      | Learned a level 4 spell: Sticky Flame
  6489 | D:6      | Noticed Sigmund
  6495 | D:5      | Noticed Grinder
  6495 | D:5      | Noticed Ijyb
  6509 | D:5      | Killed Grinder
  6515 | D:5      | Reached skill level 5 in Spellcasting
  6515 | D:5      | Reached skill level 5 in Conjurations
  6515 | D:5      | Reached skill level 5 in Hexes
  6515 | D:5      | Reached skill level 5 in Summonings
  6515 | D:5      | Reached skill level 5 in Necromancy
  6515 | D:5      | Reached skill level 5 in Translocations
  6515 | D:5      | Reached skill level 5 in Fire Magic
  6515 | D:5      | Reached skill level 5 in Ice Magic
  6515 | D:5      | Reached skill level 5 in Air Magic
  6515 | D:5      | Reached skill level 5 in Earth Magic
  6515 | D:5      | Reached skill level 5 in Alchemy
  6516 | D:5      | Killed Ijyb
  6544 | D:5      | Found a staircase to the Ecumenical Temple.
  6555 | D:5      | Found Addostreu's Magic Scroll Shoppe.
  6575 | D:5      | Bought a scroll of teleportation for 45 gold pieces
  6575 | D:5      | Bought a scroll of identify for 30 gold pieces
  6710 | D:5      | Reached skill level 5 in Long Blades
  6710 | D:5      | Reached skill level 1 in Evocations
  6805 | D:5      | XOM: summons 2 hostile shadow creatures
  6820 | D:6      | XOM: god gift: 2 boomerangs
  7279 | D:5      | XOM: divine lightning
  7364 | D:6      | XOM: divination: magic mapping
  7403 | D:6      | Killed Sigmund
  7455 | D:6      | Found Wuol's Jewellery Shoppe.
  7781 | D:6      | XOM: 2-stop teleportation journey
  7981 | D:6      | XOM: scenery: summon butterflies
  8398 | D:5      | XOM: confuse monster(s)
  8405 | D:5      | XOM: torment (34/66 hp)
  8408 | D:5      | XOM: chaos cloud
  8413 | D:5      | Killed MadMike78's ghost
  8414 | D:5      | Reached skill level 5 in Armour
  8414 | D:5      | Reached XP level 10. HP: 33/72 MP: 0/0
  8722 | D:7      | XOM: chaos upgrade
  8745 | D:7      | XOM: swap monsters
  9062 | D:7      | XOM: torment (37/72 hp)
  9092 | D:7      | XOM: give mutations
  9092 | D:7      | Lost mutation: You possess an exceptional clarity of mind.
                  | [Xom's mischief]
  9092 | D:7      | Lost mutation: You passively dampen the noise of your
                  | surroundings. [Xom's mischief]
  9258 | D:7      | XOM: summons 1 hostile shadow creature
  9334 | D:7      | Found a basalt altar of Yredelemnul.
  9464 | D:7      | XOM: noise
  9496 | D:7      | XOM: summons 6 hostile demons
  9503 | D:7      | XOM: smoke on damage
  9660 | D:7      | XOM: noise
  9773 | D:7      | Found an ornate altar of the Wu Jian Council.
  9777 | D:7      | XOM: stat loss: -1 Int (15/16)
  9861 | D:7      | XOM: swap monsters
  9967 | D:5      | Bought a scroll of blinking for 105 gold pieces
  9967 | D:5      | Bought a scroll of identify for 28 gold pieces
  9967 | D:5      | Bought a scroll of identify for 28 gold pieces
 10063 | D:8      | XOM: confusion (+ monsters)
 10074 | D:8      | XOM: summons 6 hostile demons
 10075 | D:8      | Noticed an ice devil
 10125 | D:8      | XOM: blink monster(s)
 10262 | D:8      | XOM: chaos cloud
 10295 | D:8      | XOM: torment (30/73 hp)
 10342 | D:8      | XOM: silly message
 10444 | D:8      | XOM: summons 3 hostile demons
 10445 | D:8      | Noticed a smoke demon
 10610 | D:8      | XOM: polymorph jackal -> wolf
 10619 | D:8      | XOM: summons 3 hostile shadow creatures
 10622 | D:8      | Reached skill level 5 in Evocations
 10630 | D:8      | HP: 3/73 [wight/+4 short sword[Xom] (4)]
 10631 | D:8      | Slain by a wight

Illustrated notes

Levels and vault maps discovered:
D:1:      eino_arrival_druids_welcome, layout_loops_ring
D:2:      layout_loops_ring
D:3:      layout_basic, lemuel_crystal_altar, elyvilon_altar_1,
          ebering_ghost_reflecting_pool, hangedman_abyss_or_decor_stabs
D:4:      layout_cave_pools, lemuel_flame_loot_1, uniq_natasha
D:5:      layout_basic, nicolae_hepliaklqana_hazy_memory, temple_statues,
          gammafunk_ghost_split, serial_shops, shop,
          nicolae_shop_just_a_little_nook, shop, minmay_starry_boxes,
          uniq_grinder, uniq_ijyb
D:6:      layout_layer_cave, serial_shops, nicolae_shop_pleasant_corner_grove,
          minivault_23, corexii_hall_statues_s, uniq_sigmund
D:7:      layout_loops_cross, lemuel_tele_altar,
          nicolae_wu_jian_immortal_techniques,
          mainiacjoe_overflow_small_starburst,
          mainiacjoe_overflow_six_doors_small, hex_medium, dreamdust_gnoll_farm
D:8:      layout_cave_pools, serial_gnoll_camp, gnoll_camp_medium_02,
          gnoll_camp_mini_doghouse, gnoll_camp_huts_moat, gnoll_camp_mini_hut,
          gnoll_camp_mini_shop, minmay_small_thing
D:9:      kennysheep_blocky_hall, layout_long_grid,
          grunt_temple_overflow_diamond, dk_rats_in_the_wall

Skill      XL: |  1  2  3  4  5  6  7  8  9 10 |
---------------+-------------------------------+-----
Spellcasting   | 1 2 3 4 5 6 |  6.3
Conjurations   | 1 2 3 4 5 6 |  6.3
Hexes          | 1 2 3 4 5 6 |  6.3
Summonings     | 1 2 3 4 5 6 |  6.3
Necromancy     | 1 2 3 4 5 6 |  6.3
Translocations | 1 2 3 4 5 6 |  6.3
Fire Magic     | 1 2 3 4 5 6 |  6.3
Ice Magic      | 1 2 3 4 5 6 |  6.3
Air Magic      | 1 2 3 4 5 6 |  6.3
Earth Magic    | 1 2 3 4 5 6 |  6.3
Alchemy        | 1 2 3 4 5 6 |  6.3
Long Blades    | 3 4 5 |  5.9
Armour         | 2 3 4 5 |  5.7
Dodging        | 3 4 5 6 |  6.7
Fighting       | 4 5 6 |  6.5
Evocations     | 3 5 |  5.0

Action                     |  1- 3 |  4- 6 |  7- 9 | 10-12 || total
---------------------------+-------+-------+-------+-------++-------
  Melee: Falchion          |    77 |    99 |   245 |       ||   421
         Headbutt          |       |     4 |    69 |    48 ||   121
         Long sword        |       |       |    81 |   234 ||   315
   Cast: Jinxbite          |       |       |     3 |       ||     3
         Sticky Flame      |       |       |     6 |     5 ||    11
  Evoke: Wand              |       |       |     7 |     1 ||     8
    Use: Potion            |       |       |     1 |       ||     1
         Scroll            |       |       |     4 |     5 ||     9
   Stab: Sleeping          |     1 |     3 |     3 |       ||     7
         Confused          |       |     1 |     4 |       ||     5
         Petrified         |       |       |     1 |       ||     1
         Paralysed         |       |       |     1 |       ||     1
 Armour: Leather armour    |    45 |    60 |   190 |   279 ||   574
  Dodge: Dodged            |    48 |    52 |   229 |   385 ||   714

Table legend: (Time is in decaauts)
 A = Elapsed time spent in this place.
 B = Non-inter-level travel time spent in this place.
 C = Inter-level travel time spent in this place.
 D = Time resting spent in this place.
 E = Time spent auto-exploring this place.
 F = Levels seen in this place.
 G = Mean time per level.
                   A        B        C        D        E       F      G
               +--------+--------+--------+--------+--------+-----+--------+
         Total |  10738 |  10313 |    425 |   3048 |   5446 |   9 | 1193.1 |
       Dungeon |  10738 |  10313 |    425 |   3048 |   5446 |   9 | 1193.1 |
               +--------+--------+--------+--------+--------+-----+--------+

Top non-repeatable levels by time:
     D:1: 2937 daAuts
     D:7: 1779 daAuts
     D:6: 1543 daAuts
     D:5: 1537 daAuts
     D:3: 918 daAuts
     D:4: 770 daAuts
     D:2: 718 daAuts
     D:8: 496 daAuts
     D:9: 36 daAuts
